← All builds
Front / Armada / Economy first / OBSERVED BUILD

Standard front

Standard economy-first Front play: Bot Lab and Vehicle Plant almost immediately, Advanced Metal Extractor around 9 minutes, with a mixed T1 army of Blitz, Rocketeer, Pawn and Janus sent to hold the wider gap and then middle.

#eco · 935 distinct matches · 127 players · 75% of Armada Front games · team won 63% of 1063 · Recently observed

HOW TO PLAY IT

Key timing: Vehicle Plant by 0:47

  1. Open 3 mex then Bot Lab and Vehicle Plant almost together.
  2. Layer wind while both labs start producing.
  3. Send early units to coast first to stop leaks, not middle.
  4. Add Construction Turrets as "Blitz", "Rocketeer", "Janus" mix builds up.
  5. Transition into Advanced Metal Extractor once T2 con is out.

Phase by phase

TYPICAL OF ITS 935 GAMES
  1. 1
  2. 2
  3. 3
PLAY THE OPENING

Follow the example game's first 6:00 step by step: what to build now, what comes next, and where it goes. At 1× it keeps pace with your own game.

  1. 1

    Up to the Bot Lab

    Economy
    • Metal Extractor2Mex
    • Wind Turbine1Wind
    Order
    1. Bot LabBot Lab after 3 mex, 1 winddone ~0:45, middle half 0:35–8:30

    Some games also: Vehicle Plant (41%)

    By 0:28 in all: 2 mex · 1 wind

    The example game in this phase · 2 steps
    1. Mex ×3
    2. Bot LabBot Labdone 0:46 · typical 0:45
  2. 2

    Bot Lab to 5:00

    Economy
    • Metal Extractor4Mex
    • Wind Turbine3Wind
    Army
    • Sentry1 Sentry

    Some games also: rocketeer (46%) · con bot (45%) · Lazarus (44%) · tick (40%) · centurion (37%)

    By 5:00 in all: 6 mex · 7 wind

    The example game in this phase · 22 steps
    1. TickTick ×3
    2. LazarusLazarus
    3. Wind ×2
    4. Construction BotCon bot ×3
    5. Solar
    6. CenturionCenturion
    7. Wind
    8. Mex
    9. RocketeerRocketeer ×3
    10. Mex
    11. RocketeerRocketeer ×4
    12. Mex
    13. RocketeerRocketeer ×11
    14. SentrySentry
    15. RocketeerRocketeer
    16. Construction BotCon bot ×2
    17. Radar TowerRadar Tower
    18. Construction BotCon bot
    19. Radar TowerRadar Tower
    20. Dragon's TeethDragon's Teeth ×3
    21. Con turret
    22. RocketeerRocketeer
  3. 3

    5:00 to 10:00

    Economy
    • Metal Extractor1Mex
    • Wind Turbine14Wind
    Builders
    • Construction Turret2 Con turret
    Army
    • Sentry1 Sentry

    Some games also: energy storage (46%) · blitz (39%) · rocketeer (39%) · pawn (36%) · Lazarus (35%)

    By 10:00 in all: 7 mex · 25 wind · 1 energy storage · 3 con turret

    The example game in this phase · 121 steps
    1. RocketeerRocketeer
    2. Dragon's TeethDragon's Teeth
    3. RocketeerRocketeer
    4. Dragon's TeethDragon's Teeth ×2
    5. BeamerBeamer
    6. RocketeerRocketeer
    7. Mex
    8. TickTick
    9. Dragon's TeethDragon's Teeth
    10. TickTick
    11. Dragon's TeethDragon's Teeth
    12. RocketeerRocketeer
    13. Dragon's TeethDragon's Teeth
    14. Mex
    15. RocketeerRocketeer ×5
    16. Wind
    17. RocketeerRocketeer
    18. SentrySentry
    19. LazarusLazarus
    20. Wind ×2
    21. BeamerBeamer
    22. Wind ×2
    23. LazarusLazarus
    24. Wind
    25. LazarusLazarus
    26. BeamerBeamer
    27. Converter
    28. RocketeerRocketeer
    29. Wind
    30. CenturionCenturion
    31. Wind
    32. RocketeerRocketeer
    33. Wind
    34. RocketeerRocketeer ×2
    35. GauntletGauntletdone 8:23
    36. Wind ×2
    37. Converter
    38. RocketeerRocketeer
    39. Wind
    40. RocketeerRocketeer
    41. Wind
    42. Advanced Metal ExtractorT2 mexdone 8:50 · typical 8:52
    43. RocketeerRocketeer
    44. Wind
    45. TickTick
    46. Wind
    47. TickTick
    48. Converter
    49. CenturionCenturion
    50. Wind
    51. Radar TowerRadar Tower
    52. TickTick
    53. Wind
    54. TickTick ×3
    55. Wind
    56. Converter
    57. Advanced Metal ExtractorT2 mex
    58. TickTick ×2
    59. Wind
    60. TickTick ×2
    61. LazarusLazarus
    62. TickTick
    63. LazarusLazarus
    64. SentrySentry
    65. Wind
    66. Converter
    67. LazarusLazarus
    68. Wind ×2
    69. Sneaky PeteSneaky Pete
    70. TickTick
    71. Wind
    72. TickTick
    73. Advanced Metal ExtractorT2 mex
    74. Wind
    75. TickTick
    76. Wind
    77. TickTick ×2
    78. Wind ×2
    79. TickTick
    80. Converter
    81. TickTick
    82. Wind
    83. TickTick
    84. Wind
    85. Con turret
    86. BeamerBeamer
    87. TickTick
    88. Wind
    89. TickTick
    90. Wind
    91. TickTick
    92. BeamerBeamer
    93. TickTick
    94. Converter
    95. TickTick
    96. Wind
    97. TickTick ×2
    98. Wind
    99. TickTick
    100. Wind
    101. TickTick ×2
    102. Wind ×2
    103. TickTickfor Pond
    104. Wind
    105. TickTick
    106. Sneaky PeteSneaky Pete
    107. Wind
    108. TickTick
    109. Converter
    110. Pit BullPit Bull
    111. TickTick
    112. Con turret
    113. Wind
    114. TickTick ×4
    115. Wind
    116. TickTick
    117. BeamerBeamer
    118. TickTick ×4
    119. Wind
    120. Converter
    121. Bot LabBot Lab ×5not finished by 15:00

Counts are medians over the build's games: half of them build more, half fewer. The example game is confirm_'s (64 OS, 02/09/2026); pick another.

Team trades

IN AT LEAST 30% OF ITS GAMES

You hand over

Nothing regular.

You get

  • Tidal Generator4 Tidal from Pondfirst at 0:18 · in 68% of games
  • Advanced Construction Bot1 T2 con bot from Geo or Techfirst at 7:17 · in 67% of games

How it plays out

Typical game of this build, running totals by minute

Metal produced

010k20k30k
0:005:0010:0015:00

metal

Enemy metal destroyed

05k10k
0:005:0010:0015:00

metal

Own metal lost

05k10k
0:005:0010:0015:00

metal

1063 games.

Show as table
ByMetal produced: This buildEnemy metal destroyed: This buildOwn metal lost: This build
1:0033300
2:008462131
3:001624140105
4:002712540333
5:0038681188813
6:00507620991526
7:00631429842459
8:00766238713365
9:00908746324312
10:001066653085060
11:001260858195701
12:001481563136521
13:001744069817256
14:002018375848093
15:002263083948939
WHAT THE NUMBERS SAY

Standard Front play wins more often than suicide front and produces more metal by 15:00, reflecting its safer positioning.

  • + Metal produced reaches 22219 by 15:00, above suicide front's 19882
  • + Own losses of 8949 stay under enemy metal destroyed's near-equal 8347
  • − First unit lost by 1:44 shows exposure even from the safer side
  • − Wider gap to defend demands disciplined coast-then-mid unit movement
THE EXAMPLE YOU ARE READING

confirm_

63.7 OS · 02/09/2026

Open source match ↗

14 received units · includes a constructor
1529 metal received · 43402 energy received

Allied construction assistance is unknown. Timings are observations, not a promise of solo reproducibility.

Typical milestones

Bot Lab0:45Middle 50%: 0:35–8:30 · n=670
Vehicle Plant0:47Middle 50%: 0:37–0:59 · n=753
Advanced Metal Extractor8:52Middle 50%: 8:00–10:03 · n=845

Played most by

Hummell91games of this buildhaaven82games of this buildLeohvm79games of this buildXad62games of this buildImmort36games of this build